Map: Lightshade LE

Players

GOStephano (Stephano)

  • Race: Zerg Zerg
  • League: Grandmaster
  • Spawn Location: 5:00

uwuThermal (uThermal) - Winner!

  • Race: Terran Terran
  • Spawn Location: 11:00

Event: DreamHack SC2 Masters 2020 Winter

VOD

Have the link to the VOD?

Description

Time

  • Played on: Oct. 28, 2020, 12:45 p.m.
  • Length: 16:28

All games in this series

Show
View Real Time Build Order
Export as new Build Order

GOStephano Zerg 

Build Orders: Hatch First 

Get SALT Encoding   

  12  0:00  Drone  
  13  0:12  Overlord  
  13  0:17  Drone  
  14  0:30  Drone x2  
  16  0:47  Hatchery  
  15  0:50  Drone  
  15  0:53  Drone  
  15  0:57  Drone  
  18  1:07  Extractor  
  17  1:12  Spawning Pool  
  17  1:15  Drone  
  17  1:18  Drone  
  18  1:28  Drone  
  19  1:38  Drone  
  20  1:49  Drone  
  21  1:59  Queen x2  
  21  2:00  Zergling x4  
  27  2:10  Drone, Overlord  
  28  2:21  Hatchery  
  27  2:26  Spore Crawler  
  27  2:30  Metabolic Boost  
  27  2:34  Drone  
  28  2:39  Queen  
  29  2:49  Drone x3  
  32  2:52  Overlord  
  32  2:58  Drone x2  
  32  3:02  Drone  
  35  3:13  Drone x2  
  35  3:14  Drone x2  
  35  3:16  Queen  
  35  3:18  Drone  
  35  3:19  Drone  
  43  3:25  Overlord  
  43  3:32  Queen  
  43  3:34  Queen  
  45  3:36  Drone  
  45  3:39  Zergling x2  
  49  3:44  Overlord  
  49  3:52  Zergling x4  
  49  3:54  Drone x2  
  53  3:59  Drone x2  
  53  4:00  Drone x2  
  53  4:02  Drone  
  58  4:06  Overlord  
  58  4:07  Drone x3  
  61  4:16  Drone x2  
  63  4:20  Drone x2  
  63  4:22  Spore Crawler  
  63  4:24  Spore Crawler  
  63  4:25  Spore Crawler  
  63  4:26  Drone  
  63  4:27  Drone x3, Spore Crawler  
  63  4:31  Lair  
  66  4:35  Zergling x4  
  66  4:37  Drone x2  
  66  4:38  Extractor  
  69  4:40  Drone  
  69  4:41  Drone  
  69  4:42  Drone  
  72  4:49  Extractor, Roach Warren  
  70  4:58  Drone x2  
  72  5:01  Overlord  
  72  5:02  Overlord  
  69  5:09  Drone x5  
  69  5:12  Overlord  
  73  5:18  Evolution Chamber  
  73  5:19  Evolution Chamber  
  73  5:20  Overlord  
  71  5:23  Drone x3  
  71  5:25  Drone x3  
  77  5:28  Extractor  
  77  5:30  Extractor  
  77  5:35  Zergling x4  
  77  5:37  Glial Reconstitution  
  77  5:39  Drone x3  
  77  5:41  Overseer  
  80  5:43  Overlord x2  
  80  5:44  Zerg Ground Armor Level 1, Zerg Missile Weapons Level 1  
  80  5:49  Roach x2  
  84  5:53  Overseer  
  82  6:04  Drone x4  
  82  6:05  Overlord  
  82  6:10  Extractor  
  84  6:13  Roach x7  
  98  6:27  Roach x5  
  98  6:32  Overlord  
  108  6:34  Overlord  
  108  6:38  Hatchery  
  107  6:42  Roach x5  
  117  6:58  Roach x7  
  129  7:12  Roach  
  129  7:13  Roach x3, Overlord  
  137  7:16  Ravager x4  
  137  7:22  Ravager x2  
  143  7:23  Roach  
  143  7:24  Overlord  
  145  7:32  Roach x4  
  153  7:42  Roach x2  
  153  7:43  Roach x2  
  158  7:51  Roach x3  
  134  7:57  Roach x3  
  123  7:58  Zerg Ground Armor Level 2  
  123  7:59  Infestation Pit  
  123  8:02  Drone x5  
  127  8:08  Zerg Missile Weapons Level 2  
  127  8:10  Drone  
  127  8:11  Drone x2  
  130  8:18  Tunneling Claws  
  130  8:21  Burrow  
  130  8:29  Roach x5  
  140  8:36  Overlord x2  
  140  8:40  Roach x4  
  148  8:52  Roach  
  148  8:53  Roach x5  
  160  8:59  Overlord  
  160  9:05  Overlord  
  160  9:06  Swarm Host x2  
  175  9:19  Overlord  
  175  9:21  Overlord  
  187  9:37  Hatchery  
  186  9:43  Swarm Host  
  198  9:53  Roach x8  
  198  10:01  Pneumatized Carapace  
  198  10:05  Drone x2, Hydralisk Den  
  198  10:06  Extractor  
  194  10:21  Roach x9  
  196  10:47  Roach  
  196  10:48  Roach x2  
  199  10:59  Roach x6  
  199  11:04  Roach  
  199  11:05  Overlord x5  
  187  11:25  Roach x6  
  175  11:30  Extractor  
  175  11:31  Hive  
  162  11:34  Lurker Den  
  162  11:35  Drone x2  
  163  11:49  Muscular Augments  
  163  11:51  Drone x8  
  171  12:07  Roach  
  169  12:13  Hydralisk x5  
  169  12:14  Hydralisk x7  
  193  12:41  Hatchery, Hydralisk  
  193  12:42  Hydralisk x3  
  198  12:51  Spore Crawler  
  198  12:57  Extractor  
  198  12:58  Seismic Spines, Extractor  
  195  13:00  Grooved Spines  
  189  13:11  Roach  
  189  13:12  Roach x6  
  188  13:25  Roach x7  
  182  13:27  Roach  
  182  13:28  Roach  
  182  13:30  Zergling x12  
  188  13:43  Hatchery x2  
  186  13:49  Lurker  
  186  13:50  Roach x2, Zergling x14  
  186  13:51  Roach x3  
  186  13:52  Roach  
  185  14:08  Roach x2  
  157  14:10  Roach x10  
  127  14:18  Roach x13  
  127  14:19  Roach x2  
  127  14:22  Hydralisk  
  125  14:27  Roach x2  
  117  14:33  Hydralisk x5  
  117  14:36  Adaptive Talons  
  117  14:48  Hydralisk x5  
  117  14:49  Roach x13  
  123  14:59  Lurker  
  125  15:00  Lurker x3  
  125  15:01  Roach x5  
  125  15:04  Hatchery  
  136  15:10  Hydralisk  
  136  15:11  Hydralisk  
  140  15:25  Hydralisk  
  140  15:26  Hydralisk x3  
  140  15:27  Roach  
  140  15:28  Roach x8  
  148  15:29  Roach x2  
  148  15:36  Hydralisk x2  
  149  15:48  Roach  
  149  15:49  Roach x6  
Show
View Real Time Build Order
Export as new Build Order

uwuThermal Terran - Winner!

Build Orders: Reaper Expand, Hellion Banshee 

Get SALT Encoding   

  12  0:00  SCV  
  13  0:12  SCV  
  14  0:18  Supply Depot  
  14  0:24  SCV  
  15  0:40  SCV  
  15  0:42  Barracks  
  16  0:43  Refinery  
  16  0:52  SCV  
  18  1:04  SCV  
  18  1:16  SCV  
  19  1:29  Orbital Command, Reaper  
  20  1:39  Command Center  
  20  1:49  Supply Depot  
  20  1:55  SCV  
  20  2:01  Marine  
  22  2:07  SCV  
  23  2:10  Factory  
  23  2:14  Refinery  
  23  2:19  SCV  
  23  2:20  Barracks Reactor  
  24  2:31  SCV  
  25  2:43  SCV  
  26  2:51  Orbital Command  
  26  2:54  Starport  
  26  2:55  SCV  
  27  3:02  Hellion x2  
  27  3:03  Barracks Tech Lab  
  31  3:07  SCV  
  32  3:14  Supply Depot  
  32  3:17  SCV  
  34  3:20  SCV  
  34  3:24  Hellion x2  
  38  3:29  SCV  
  38  3:32  SCV  
  40  3:36  Cloaking Field, Banshee  
  43  3:41  SCV  
  43  3:44  SCV  
  43  3:46  Supply Depot, Hellion  
  47  3:51  Hellion  
  47  3:55  SCV  
  50  3:56  SCV  
  49  4:07  SCV  
  49  4:08  SCV  
  49  4:18  Command Center  
  49  4:19  SCV, Banshee  
  49  4:20  Supply Depot  
  49  4:23  Barracks Tech Lab  
  52  4:24  SCV  
  52  4:30  Factory Reactor  
  54  4:31  SCV  
  54  4:37  SCV  
  55  4:40  Barracks  
  55  4:41  Barracks  
  55  4:42  Marine, Stimpack  
  55  4:44  SCV  
  57  4:49  SCV  
  58  4:54  Engineering Bay  
  58  4:55  Engineering Bay  
  58  4:56  SCV, Refinery  
  59  5:00  Marine  
  59  5:01  SCV  
  61  5:08  SCV  
  61  5:12  Barracks  
  61  5:13  SCV, Barracks  
  63  5:17  Siege Tank  
  63  5:18  Marine  
  63  5:19  Starport Reactor  
  67  5:21  SCV  
  67  5:26  Refinery, Terran Infantry Weapons Level 1  
  67  5:28  Terran Infantry Armor Level 1  
  68  5:34  Orbital Command  
  68  5:35  SCV, Marine  
  69  5:36  Marine  
  69  5:38  Marine  
  73  5:42  SCV  
  73  5:43  Supply Depot  
  73  5:44  Marine  
  73  5:48  SCV, Marine  
  76  5:50  Supply Depot  
  76  5:54  Siege Tank  
  76  5:56  SCV, Orbital Command  
  80  5:59  Barracks Reactor  
  80  6:00  Barracks Reactor  
  80  6:02  SCV  
  81  6:05  Supply Depot  
  81  6:06  Marine  
  81  6:07  Marine, Supply Depot  
  81  6:08  SCV  
  81  6:09  Marine  
  85  6:14  Marine  
  86  6:18  Medivac x2  
  86  6:19  SCV  
  86  6:21  SCV  
  86  6:24  SCV, Marine  
  86  6:25  Supply Depot  
  94  6:26  Marine x2  
  94  6:29  Siege Tank  
  94  6:31  SCV  
  98  6:34  SCV, Marine  
  98  6:35  Supply Depot  
  98  6:36  Marine  
  98  6:37  Marine  
  98  6:39  Combat Shield  
  102  6:40  SCV  
  102  6:45  SCV  
  102  6:46  Armory  
  104  6:48  Marine x2  
  104  6:52  Marine x3, Supply Depot  
  109  6:55  Marine  
  109  6:59  Marine x2  
  109  7:01  Siege Tank  
  115  7:03  Marine, Supply Depot  
  115  7:08  Marine x2  
  113  7:09  Medivac  
  113  7:10  Marine  
  113  7:14  Marine  
  113  7:15  Marine x2, Bunker  
  112  7:17  Marine x2  
  112  7:19  Bunker  
  112  7:20  Bunker  
  112  7:21  Marine  
  115  7:25  Medivac  
  115  7:26  Marine x2  
  115  7:28  Marine  
  120  7:30  Supply Depot  
  120  7:31  Marine  
  120  7:32  Marine  
  120  7:33  Marine, Siege Tank  
  120  7:36  Marine x2  
  127  7:39  Marine  
  127  7:43  Marine x2  
  130  7:48  Marine  
  130  7:50  Marine  
  116  7:51  Marine  
  116  7:54  Marine  
  116  7:56  Marine x3  
  114  8:00  SCV  
  114  8:01  Marine  
  114  8:02  Terran Infantry Weapons Level 2  
  114  8:03  Marine  
  114  8:05  Siege Tank  
  118  8:06  Marine  
  118  8:08  Terran Infantry Armor Level 2, Marine  
  118  8:09  Marine  
  118  8:12  Marine  
  121  8:14  Marine x3  
  121  8:19  Marine  
  126  8:21  Marine  
  126  8:24  Missile Turret, Marine  
  126  8:26  Missile Turret, Marine  
  129  8:27  Marine  
  129  8:30  Marine  
  129  8:31  Marine  
  129  8:32  Medivac x2  
  129  8:33  Supply Depot, Marine  
  138  8:37  Marine  
  138  8:38  Siege Tank  
  141  8:42  Barracks  
  141  8:44  Marine x2, Barracks x2  
  143  8:53  Marine x2  
  144  8:57  Marine, Supply Depot  
  144  8:58  Sensor Tower  
  144  8:59  Marine x3, Terran Vehicle Weapons Level 1  
  144  9:01  Marine  
  144  9:02  Marine x2  
  149  9:05  Supply Depot  
  149  9:07  Supply Depot  
  151  9:11  Marine x2  
  151  9:12  Siege Tank  
  151  9:14  Marine  
  157  9:17  Marine x3  
  157  9:19  Marine  
  157  9:20  Marine x2  
  162  9:26  Command Center  
  162  9:29  Marine x2  
  162  9:30  Marine  
  162  9:31  Supply Depot  
  165  9:34  Marine  
  165  9:35  Marine x2  
  168  9:39  Marine  
  168  9:40  Marine  
  168  9:42  Marine x2  
  168  9:44  Siege Tank  
  175  9:46  Medivac  
  175  9:47  Medivac  
  175  9:48  Marine  
  175  9:49  Marine  
  175  9:52  Marine  
  182  9:57  Marine  
  183  10:02  Marine x3  
  183  10:06  Marine x2  
  188  10:08  Barracks Tech Lab, Barracks Reactor x2  
  188  10:10  Marine  
  189  10:16  Siege Tank  
  189  10:17  Marine x3  
  189  10:20  Marine x2  
  194  10:22  Marine  
  197  10:37  Marine x3  
  197  10:47  Marine  
  197  10:48  Marine x4, Siege Tank  
  198  10:51  Marine, Terran Infantry Weapons Level 3  
  198  10:54  Marine x2  
  196  10:57  Marine  
  196  10:59  Marine  
  196  11:03  Marine x4  
  186  11:05  Marine  
  182  11:18  Marine x2  
  182  11:20  Siege Tank  
  163  11:26  Marine x3  
  163  11:29  Marine x5  
  163  11:30  Marine x2  
  163  11:32  SCV, Medivac  
  151  11:33  Marine  
  151  11:34  Terran Infantry Armor Level 3  
  151  11:35  Marine, SCV  
  151  11:36  Marine x2  
  157  11:40  SCV  
  157  11:43  Marine  
  157  11:44  Marine x2, SCV  
  157  11:47  Marine x3  
  161  11:48  SCV, Marine x2  
  161  11:49  Marine  
  161  11:52  Marine, Siege Tank  
  172  11:59  SCV x2  
  172  12:01  Marine, Sensor Tower  
  174  12:04  Marine  
  176  12:08  Marine  
  176  12:12  Missile Turret  
  176  12:13  Marine  
  178  12:18  Marine  
  179  12:24  Marine x2, Siege Tank  
  179  12:27  Marine  
  179  12:28  Marine  
  181  12:30  Marine  
  181  12:31  Marine x2  
  181  12:32  Marine  
  185  12:38  Marine x2  
  185  12:39  Concussive Shells  
  185  12:43  Marine, Marauder  
  190  12:47  Orbital Command  
  190  12:49  Marine  
  190  12:50  Marine  
  192  12:56  Siege Tank  
  192  13:06  Marine x2, Marauder x2  
  192  13:11  Medivac  
  199  13:15  Marine  
  199  13:19  Medivac  
  196  13:21  Orbital Command  
  172  13:30  Siege Tank  
  172  13:37  Supply Depot  
  172  13:38  Supply Depot x2  
  172  13:40  Supply Depot  
  172  13:59  Marauder x2, Medivac x2, Marine x5  
  172  14:02  Siege Tank  
  167  14:11  Marine x2  
  167  14:15  Marine x4  
  167  14:16  Marine  
  167  14:17  Marine x5  
  140  14:21  Marauder x2  
  141  14:29  Marine x2, Medivac x2  
  141  14:30  Command Center  
  146  14:33  Marine x5  
  146  14:34  Marine  
  146  14:38  Neosteel Armor  
  152  14:39  Marine x2  
  152  14:40  Marine, Orbital Command  
  152  14:42  Marauder x2  
  152  14:44  Marine  
  147  14:47  Marine  
  147  14:52  Marine  
  143  14:59  Marine x2  
  144  15:00  Marine  
  144  15:01  Siege Tank, Marine x3  
  144  15:03  Marauder x2  
  144  15:04  Marine  
  156  15:08  Medivac, Marine  
  159  15:19  Marine x4  
  159  15:20  Marine x2  
  165  15:24  Marine x2  
  165  15:25  Marauder  
  169  15:32  Medivac  
  169  15:33  Siege Tank  
  174  15:36  Marine  
  174  15:37  Marauder  
  174  15:38  Medivac  
Tags
 
Add a new tag
Caveats
  • Supply blocks, unpowered buildings, or Contaminate may cause inaccurate times.
  • Supply counts are checked every 10 seconds.